 Dungeon Crawl Stone Soup version 0.21.1-1-g345015f (webtiles) character file.

498 equalderp2856 the Shield-Bearer (level 6, -5/55 HPs)
             Began as a Minotaur Fighter on May 9, 2018.
             Killed from afar by Pikel (17 damage)
             ... with a wand of acid (10)
             ... on level 4 of the Dungeon.
             The game lasted 00:05:14 (3353 turns).

equalderp2856 the Shield-Bearer (Minotaur Fighter)  Turns: 3353, Time: 00:05:15

Health: -5/55      AC:  3    Str: 21    XL:     6   Next: 94%
Magic:  0/6        EV:  8    Int:  5    God:
Gold:   195        SH: 10    Dex: 11    Spells: 6/7 levels left

rFire    . . .     SeeInvis .   a - +0 war axe
rCold    . . .     Gourm    .   c - +0 shield
rNeg     . . .     Faith    .   b - +0 scale mail
rPois    .         Spirit   +   (helmet restricted)
rElec    .         Reflect  .   (no cloak)
rCorr    .         Harm     .   (no gloves)
MR       .....                  (no boots)
Stlth    ..........             g - amulet of guardian spirit
HPRegen  0.18/turn              (no ring)
MPRegen  0.10/turn              (no ring)

@: corroded
A: retaliatory headbutt, horns 2
a: no special abilities


You were on level 4 of the Dungeon.
You were hungry.

You visited 1 branch of the dungeon, and saw 5 of its levels.

You collected 195 gold pieces.

Inventory:

Hand Weapons
 a - a +0 war axe (weapon)
Armour
 b - a +0 scale mail (worn)
 c - a +0 shield (worn)
Jewellery
 g - an amulet of guardian spirit (around neck)
 l - an uncursed ring of protection from cold {unknown}
Scrolls
 h - 2 scrolls of enchant weapon {unknown}
 i - a scroll of fog {unknown}
 m - a scroll of blinking {unknown}
 o - 3 scrolls of identify {unknown}
 p - 2 scrolls of amnesia {unknown}
 s - 3 scrolls of remove curse {unknown}
 v - 2 scrolls of enchant armour {unknown}
 w - a scroll of fear {unknown}
 y - a scroll of immolation {unknown}
Potions
 d - 2 potions of might
 e - a potion of lignification {unknown}
 j - a potion of resistance {unknown}
 k - 4 potions of heal wounds {unknown}
 n - a potion of cancellation {unknown}
 t - 2 potions of curing {unknown}
 u - a potion of ambrosia {unknown}
Books
 q - a book of Maledictions

   Spells                             Type                      Level
   a - Corona                         Hexes                        1
   b - Ensorcelled Hibernation        Hexes/Ice                    2
   c - Confuse                        Hexes                        3
   d - Tukima's Dance                 Hexes                        3
   e - Dazzling Spray                 Conjuration/Hexes            3
 r - a book of Cantrips

   Spells                             Type                      Level
   a - Confusing Touch                Hexes                        1
   b - Animate Skeleton               Necromancy                   1
   c - Summon Small Mammal            Summoning                    1
   d - Apportation                    Translocation                1
Comestibles
 f - 6 rations


   Skills:
 + Level 4.9 Fighting
 + Level 4.6 Axes
 + Level 4.9 Armour
 + Level 1.2 Dodging
 + Level 0.5 Stealth
 + Level 5.2 Shields
 * Level 1.1 Spellcasting
 * Level 1.9 Translocations


You had 6 spell levels left.
You knew the following spells:

 Your Spells              Type           Power        Failure   Level  Hunger
a - Apportation           Tloc           #.....       90%         1    ##.....


Dungeon Overview and Level Annotations

Branches:
Dungeon (5/15)
 Temple: D:4-7

Altars:
Yredelemnul

Annotations:
D:3 1 runed door, TinyReaver's ghost, amateur CeHu
D:4 Pikel; cultivahabas's ghost, amateur MfMo


Innate Abilities, Weirdness & Mutations

You reflexively headbutt those who attack you in melee.
You have a pair of horns on your head.


Message History

The hound bites you.
A slave comes into view.
There is a stone staircase leading down here.
The slave shouts!
You hit the hound.
The hound is severely wounded.
The hound bites you but does no damage. You block the hound's attack.
You slash the hound!
You kill the hound!
Pikel zaps a wand.
The bolt of acid hits you!
You are splashed with acid!
The acid burns!
It is a wand of acid (11).
You see here an animal skin.
Things that are here:
an animal skin; a human corpse; a bullfrog corpse Pikel zaps a wand.
The bolt of acid hits you! The acid corrodes you!
You are splashed with acid!
The acid burns!
* * * LOW HITPOINT WARNING * * *
Okay, then.
Pikel zaps a wand.
The bolt of acid hits you!
You die...

#.#.#.... .... .... ### .
#....... .## #..# ..#.....#.
#..# .# .........
#######.#####..# #........
##.....#......#.. ........#
##..............#.
.......w#####................#
.......pK.[[.................#
........#####@...............#
..####### #................#
#..........<.....#
#................#
##................
##.....##.....###
##############


You could see Pikel, a slave and a worm.

Vanquished Creatures
  Sigmund (D:2)
  2 slaves (D:4)
  An ogre (D:2)
  A bullfrog (D:4)
  2 hounds (D:4)
  3 adders
  2 howler monkey skeletons (D:4)
  4 worms
  2 leopard geckos (D:1)
  2 orcs (D:4)
  6 bats
  4 giant cockroaches
  5 hobgoblins
  13 jackals
  7 kobolds
  2 quokkas
  6 frilled lizards
  2 gnoll zombies (D:3)
  6 goblins
  7 rats
78 creatures vanquished.

Vanquished Creatures (others)
  9 toadstools (D:4)
9 creatures vanquished.

Grand Total: 87 creatures vanquished

Notes
Turn   | Place    | Note
-------+----------+-------------------------------------------
     0 | D:1      | equalderp2856 the Minotaur Fighter began the quest for the Orb.
     0 | D:1      | Reached XP level 1. HP: 19/19 MP: 0/0
   115 | D:1      | Reached XP level 2. HP: 21/27 MP: 1/1
   201 | D:1      | Reached skill level 4 in Shields
   450 | D:2      | Noticed an ogre
   787 | D:2      | Reached XP level 3. HP: 33/33 MP: 2/2
  1089 | D:2      | Learned a level 1 spell: Apportation
  1284 | D:3      | Noticed TinyReaver's ghost (amateur CeHu)
  1295 | D:3      | You fall through a shaft for 2 floors!
  1295 | D:5      | Entered Level 5 of the Dungeon
  1465 | D:4      | Noticed an ogre
  1514 | D:3      | Reached XP level 4. HP: 41/41 MP: 3/3
  1607 | D:3      | Found a basalt altar of Yredelemnul.
  2230 | D:2      | Killed an ogre
  2230 | D:2      | Reached XP level 5. HP: 35/47 MP: 2/4
  2290 | D:2      | Noticed Sigmund
  2324 | D:2      | Killed Sigmund
  2324 | D:2      | Reached skill level 1 in Dodging
  2324 | D:2      | Reached skill level 1 in Spellcasting
  2324 | D:2      | Reached skill level 1 in Translocations
  2324 | D:2      | Reached XP level 6. HP: 7/53 MP: 1/6
  3016 | D:3      | Found a runed door.
  3102 | D:4      | Noticed cultivahabas's ghost (amateur MfMo)
  3242 | D:4      | Reached skill level 5 in Shields
  3305 | D:4      | Noticed a slave
  3312 | D:4      | Noticed a slave
  3316 | D:4      | Killed a slave
  3320 | D:4      | Killed a slave
  3345 | D:4      | Noticed Pikel
  3346 | D:4      | Noticed a slave
  3353 | D:4      | Killed from afar by Pikel

Skill      XL: |  1  2  3  4  5  6 |
---------------+-------------------+-----
Shields        | 4 5 |  5.2
Fighting       | 4 |  4.9
Axes           | 3 4 |  4.6
Armour         | 4 |  4.9
Dodging        | 1 |  1.2
Spellcasting   | 1 |  1.1
Translocations | 1 |  1.9
Stealth        | |  0.5

Action                   |  1- 3 |  4- 6 || total
-------------------------+-------+-------++-------
Melee: War axe           |   106 |    89 ||   195
       Headbutt          |    21 |    13 ||    34
  Eat: Chunk             |     1 |     6 ||     7
Armor: Scale mail        |    45 |    30 ||    75
Dodge: Dodged            |    45 |    33 ||    78
Block: Shield            |    81 |    45 ||   126
